 Dungeon Crawl Stone Soup version 0.25.0-1-g7eea58d (webtiles) character file.

Game seed: 13297293983037241771

1046 brinewave the Fighter (level 8, -3/75 HPs)
             Began as a Minotaur Gladiator on June 17, 2020.
             Was an Initiate of Qazlal.
             Killed from afar by Harold (11 damage)
             ... with a harpoon shot
             ... on level 8 of the Dungeon.
             The game lasted 00:12:37 (4659 turns).

brinewave the Fighter (Minotaur Gladiator)          Turns: 4659, Time: 00:12:38

Health: -3/75      AC:  3    Str: 19    XL:     8   Next: 5%
Magic:  7/7        EV: 13    Int:  5    God:    Qazlal [......]
Gold:   258        SH:  0    Dex: 14    Spells: 7/7 levels left

rFire    . . .     SeeInvis .   m - +0 rapier (venom)
rCold    . . .     Gourm    .   (no shield)
rNeg     . . .     Faith    .   b - +0 leather armour
rPois    .         Spirit   .   c - +0 hat
rElec    .         Reflect  .   (no cloak)
rCorr    .         Harm     .   (no gloves)
MR       .....                  (no boots)
Stlth    +.........             (no amulet)
HPRegen  0.22/turn              (no ring)
MPRegen  0.10/turn              (no ring)

@: marked
A: retaliatory headbutt, horns 2
a: Renounce Religion


You were on level 8 of the Dungeon.
You worshipped Qazlal.
Qazlal was noncommittal.
You were hungry.

You visited 1 branch of the dungeon, and saw 8 of its levels.

You collected 258 gold pieces.

Inventory:

Hand Weapons
 m - a +0 rapier of venom (weapon)
 y - a +2 mace of holy wrath
 D - a +1 dagger of draining
 J - a +0 shortbow
Missiles
 d - 3 throwing nets (quivered)
 g - 7 atropa-tipped darts
 i - 25 poisoned darts
 p - 26 bolts
 s - 7 boomerangs
 v - 5 javelins
 G - 35 arrows
Armour
 b - a +0 leather armour (worn)
 c - a +0 hat (worn)
Jewellery
 a - an uncursed amulet of the acrobat {unknown}
 h - an uncursed amulet of reflection {unknown}
 o - an uncursed ring of protection from cold {unknown}
 q - a cursed ring of teleportation {unknown}
 r - an uncursed ring of protection from magic {unknown}
 B - an uncursed ring of positive energy
 L - the amulet "Jaromef" {Spirit Str+2 Int-3 Dex+2, unknown}
   (You found it on level 6 of the Dungeon)

   [amulet of guardian spirit]

   It causes incoming damage to be split between your health and magic.
   It affects your strength (+2).
   It affects your intelligence (-3).
   It affects your dexterity (+2).
Wands
 t - a wand of digging (5)
 A - a wand of disintegration (19)
 E - a wand of polymorph (11)
Scrolls
 e - 3 scrolls of teleportation
 x - a scroll of magic mapping
 F - a scroll of identify
 H - 3 scrolls of enchant weapon {unknown}
 I - a scroll of fear
 K - 2 scrolls of remove curse {unknown}
Potions
 j - 6 potions of haste {unknown}
 k - 3 potions of flight {unknown}
 l - 2 potions of lignification {unknown}
 n - 2 potions of might {unknown}
 u - a potion of stabbing {unknown}
 w - a potion of cancellation {unknown}
 z - a potion of heal wounds {unknown}
 C - 2 potions of curing {unknown}
Comestibles
 f - 6 rations
 M - a chunk of flesh


   Skills:
 + Level 8.3 Fighting
 + Level 6.8(7.3) Short Blades
   Level 4.2(6.4) Long Blades
 - Level 2.0 Throwing
 - Level 3.2 Dodging


You had 7 spell levels left.
You didn't know any spells.
Your spell library was empty.

Dungeon Overview and Level Annotations

Branches:
Dungeon (8/15)             Temple (0/1) D:4
   Lair: D:8-11

Altars:
Ashenzari
Elyvilon
Fedhas
Qazlal
Trog

Annotations:
D:8 Harold


Innate Abilities, Weirdness & Mutations

You reflexively headbutt those who attack you in melee.
You have a pair of horns on your head.


Message History

The harpoon shot hits you.
* * * LOW HITPOINT WARNING * * *
You are yanked forward by the harpoon shot.
You are feeling hungry.
Harold hits you with a +0 mace.
* * * LOW HITPOINT WARNING * * *
Things that are here:
a throwing net; an arrow
There is a stone staircase leading down here.
Harold hits you but does no damage.
You climb downwards.
There is a stone staircase leading up here.
Found a viscous orange potion.
Okay, then.
Harold gestures at you while chanting. The mark upon you grows brighter.
Harold says, "Bounty hunting has been great, but I can't wait to retire."
Harold fires a harpoon shot at you. The harpoon shot hits you!
You die...

#. ##.## #...#
#...# #...# #...#
#...##############
#......@..@..!....
#..<##############
#...# #...# #...#
#####


You could see Harold (very poisoned).

Vanquished Creatures
  An ice beast (D:7)
  An ogre (D:6)
  2 centaurs (D:7)
  A bullfrog (D:6)
  3 crimson imps
  2 hounds
  An orc priest (D:5)
  4 orc wizards
  An iguana (D:5)
  5 worker ants
  8 adders
  A shadow imp (D:6)
  2 oozes
  3 worms
  3 dart slugs
  2 leopard geckos
  16 orcs
  6 giant cockroaches
  5 goblins
  5 hobgoblins
  6 jackals
  5 quokkas
  4 bats
  6 frilled lizards
  A jackal zombie (D:6)
  4 kobolds
  4 rats
102 creatures vanquished.

Notes
Turn   | Place    | Note
-------+----------+-------------------------------------------
     0 | D:1      | brinewave the Minotaur Gladiator began the quest for the
                  | Orb.
     0 | D:1      | Reached XP level 1. HP: 18/18 MP: 0/0
   254 | D:1      | Reached XP level 2. HP: 25/25 MP: 1/1
   270 | D:1      | Reached skill level 3 in Fighting
   437 | D:2      | Found a white marble altar of Elyvilon.
   621 | D:2      | Reached XP level 3. HP: 31/31 MP: 2/2
   623 | D:2      | Found a blossoming altar of Fedhas.
   656 | D:2      | Reached skill level 1 in Short Blades
   917 | D:3      | Reached skill level 4 in Fighting
  1044 | D:3      | Found a shattered altar of Ashenzari.
  1142 | D:3      | Reached XP level 4. HP: 39/40 MP: 3/3
  1867 | D:4      | Reached XP level 5. HP: 38/47 MP: 4/4
  2061 | D:4      | Reached skill level 5 in Fighting
  2171 | D:5      | Entered Level 5 of the Dungeon
  2584 | D:5      | Reached XP level 6. HP: 57/57 MP: 5/5
  2670 | D:5      | Reached skill level 6 in Fighting
  3538 | D:6      | Reached skill level 5 in Short Blades
  3591 | D:6      | Found a stormy altar of Qazlal.
  3628 | D:6      | Reached XP level 7. HP: 64/64 MP: 6/6
  3969 | D:6      | Reached skill level 7 in Fighting
  4117 | D:6      | Found a stormy altar of Qazlal.
  4120 | D:6      | Got a translucent emerald amulet
  4123 | D:6      | Became a worshipper of Qazlal Stormbringer
  4523 | D:7      | Reached skill level 8 in Fighting
  4524 | D:7      | Found a bloodstained altar of Trog.
  4630 | D:7      | Noticed Harold
  4636 | D:7      | Reached XP level 8. HP: 53/75 MP: 7/7
  4659 | D:8      | Killed from afar by Harold

Illustrated notes

Levels and vault maps discovered:
D:1:      grunt_arrival_crossed_arrows, layout_basic, serial_forest,
          infiniplex_forest_end_3, infiniplex_forest_zigzag_1,
          infiniplex_forest_clump_double, infiniplex_forest_split,
          infiniplex_forest_lined_2, infiniplex_forest_straight_3
D:2:      layout_loops_cross, elyvilon_altar_5, fedhas_altar_2
D:3:      layout_loops_ring, ashenzari_conservatory_becter, first_ration,
          minmay_pentomino_pile
D:4:      layout_basic, kennysheep_mini, temple_pool_b
D:5:      layout_loops_cross, portal_sewer_entry_d, kennysheep_dice
D:6:      layout_basic, gammafunk_temple_overflow_wave, kennysheep_little_box,
          minivault_24, minmay_crystal_water, nicolae_qazlal_general_emergency
D:7:      layout_loops_ring, old_standard_altar, uniq_harold, uniq_duvessa,
          uniq_menkaure
D:8:      layout_rooms, lemuel_round_altar, serial_shops,
          nicolae_shop_statue_plus, grunt_pizzeria, nzn_random_ring

Skill      XL: |  1  2  3  4  5  6  7 |
---------------+----------------------+-----
Long Blades    | 4 |  4.2
Fighting       | 3 4 5 6 8 |  8.3
Short Blades   | 1 2 3 5 6 |  6.8
Throwing       | |  2.0
Dodging        | |  3.2

Action                   |  1- 3 |  4- 6 |  7- 9 || total
-------------------------+-------+-------+-------++-------
Melee: Long sword        |    21 |       |       ||    21
       Headbutt          |    12 |    17 |    18 ||    47
       Rapier            |    48 |   122 |    66 ||   236
  Use: Scroll            |     3 |     4 |       ||     7
 Stab: Sleeping          |       |       |     1 ||     1
  Eat: Chunk             |     1 |     5 |     2 ||     8
       Ration            |       |     1 |       ||     1
Armor: Leather armour    |    17 |    21 |    11 ||    49
Dodge: Dodged            |    57 |    77 |    38 ||   172
       Rpst.: Long sword |     5 |       |       ||     5
